 Dungeon Crawl Stone Soup version 0.31-a0-986-g5e6e4ef867 (webtiles) character file.

Game seed: 8949504933836158519

608 horus123 the Magician (level 7, -8/36 HPs)
             Began as a Deep Elf Hedge Wizard on Nov 20, 2023.
             Mangled by an ogre
             ... wielding a +0 giant club
              (22 damage)
             ... on level 5 of the Dungeon.
             The game lasted 00:07:30 (4079 turns).

horus123 the Magician (Deep Elf Hedge Wizard)       Turns: 4079, Time: 00:07:31

Health: -8/36      AC:  2    Str:  7    XL:     7   Next: 19%
Magic:  13/17      EV: 13    Int: 21    God:
Gold:   265        SH:  0    Dex: 26    Spells: 6/17 levels left

rFire   . . .        t - +3 short sword
rCold   . . .        (no shield)
rNeg    . . .        b - +0 robe
rPois   .            c - +0 hat
rElec   .            (no cloak)
rCorr   .            (no gloves)
SInv    .            (no boots)
Will    .....        n - amulet of magic regeneration
Stlth   +++          f - +6 ring of dexterity
HPRegen 0.26/turn    r - +6 ring of dexterity
MPRegen 0.55/turn

%: no passive effects
@: no status effects
A: no striking features
a: no special abilities


You were on level 5 of the Dungeon.
You visited 1 branch of the dungeon, and saw 5 of its levels.

You collected 265 gold pieces.

Inventory:

Hand Weapons
 a - a +0 dagger
 l - a +0 short sword
 t - a +3 short sword (weapon)
Missiles
 m - 7 curare-tipped darts
Armour
 b - a +0 robe (worn)
 c - a +0 hat (worn)
Jewellery
 f - a +6 ring of dexterity (left hand)
 k - an amulet of the acrobat
 n - an amulet of magic regeneration (around neck)
 r - a +6 ring of dexterity (right hand)
Scrolls
 e - a scroll of poison
 g - 9 scrolls of teleportation
 o - a scroll of blinking {unknown}
 p - a scroll of enchant armour {unknown}
 q - a scroll of revelation {unknown}
Potions
 d - a potion of magic
 h - 2 potions of cancellation {unknown}
 i - 4 potions of curing
 j - 2 potions of might
 s - a potion of haste {unknown}


   Skills:
 - Level 2.4 Dodging
 - Level 2.4 Stealth
 - Level 5.5 Spellcasting
 - Level 5.0 Conjurations
 + Level 1.1 Summonings
 - Level 1.1 Translocations
 - Level 4.0 Air Magic
 - Level 4.0 Poison Magic


You had 6 spell levels left.
You knew the following spells:

 Your Spells              Type           Power      Damage    Failure   Level
a - Magic Dart            Conj           100%       1d8       1%          1
b - Slow                  Hex            20%        N/A       11%         1
c - Call Imp              Summ           20%        N/A       10%         2
d - Blink                 Tloc           20%        N/A       10%         2
e - Mephitic Cloud        Conj/Pois/Air  24%        N/A       5%          3
f - Sublimation of Blood  Necr           5%         N/A       16%         2

Your spell library contained the following spells:

 Spells                   Type           Power      Damage    Failure   Level
 Cigotuvi's Dreadful Rot  Necr/Pois/Air  34%        N/A       5%          2
 Wereblood                Tmut           5%         N/A       16%         2
 Ozocubu's Armour         Ice            5%         N/A       30%         3
 Irradiate                Conj/Tmut      8%         3d14      71%         5
 Ozocubu's Refrigeration  Ice            2%         4d8       100%        7
 Summon Hydra             Summ           5%         N/A       100%        7


Dungeon Overview and Level Annotations

Branches:
Dungeon (5/15)
 Temple: D:4-7

Altars:
Gozag


Message History

Okay, then.
Okay, then.
Found an opulent altar of Gozag.
You now have 258 gold pieces (gained 1).
You now have 259 gold pieces (gained 1).
You now have 260 gold pieces (gained 1).
You now have 261 gold pieces (gained 1).
You now have 263 gold pieces (gained 2).
You now have 265 gold pieces (gained 2).
An ogre comes into view. It is wielding a +0 giant club.
You see here 2 gold pieces.
The magic dart hits the ogre.
The ogre is moderately wounded.
The ogre shouts!
The magic dart hits the ogre.
The ogre is moderately wounded.
The magic dart hits the ogre but does no damage.
The ogre is moderately wounded.
The magic dart hits the ogre.
The ogre is moderately wounded.
The ogre closely misses you.
The magic dart hits the ogre!
The ogre is heavily wounded.
The ogre hits you with a +0 giant club!
The magic dart hits the ogre.
The ogre is severely wounded.
The magic dart hits the ogre.
The ogre is severely wounded.
The ogre hits you with a +0 giant club!
You are too injured to fight recklessly!
You are too injured to fight recklessly!
You are too injured to fight recklessly!
Aiming: Magic Dart (safe; 1% risk of failure)
Press: ? - help, Q - select action, (/) - cycle Shift-Dir - straight line, f/p - ogre
Aim: an ogre, wielding a +0 giant club (severely wounded, 100% to hit)
The magic dart hits the ogre.
The ogre is almost dead.
The ogre hits you with a +0 giant club!!
Ouch! That really hurt!
You die...

#.##......########## #.#
#(##.##.####.......# #.#
#.....<.# #.#####.# #)#
####.#######.#####.###)#
#.# #...........†..#
##.####.###......#####
#...#...# #......#
.#.O._.###.....##
#....#@$.........#
#.#####...######## #
#####


You could see an ogre.

Vanquished Creatures
  A black bear (D:3)
  An ogre (D:4)
  A phantom (D:5)
  2 scorpions (D:5)
  A hound (D:4)
  An orc priest (D:3)
  An iguana (D:5)
  An orc wizard (D:5)
  8 adders
  2 worms (D:3)
  5 orcs
  8 endoplasms
  4 giant cockroaches
  5 hobgoblins
  A quokka (D:3)
  8 ball pythons
  2 bats (D:1)
  4 frilled lizards
  3 goblins
  7 kobolds
  6 rats
72 creatures vanquished.

Notes
Turn   | Place    | Note
-------+----------+-------------------------------------------
     0 | D:1      | horus123 the Deep Elf Hedge Wizard began the quest for the
                  | Orb.
     0 | D:1      | Reached XP level 1. HP: 10/10 MP: 7/7
   399 | D:1      | Reached XP level 2. HP: 15/15 MP: 7/9
   421 | D:1      | Learned a level 1 spell: Slow
   424 | D:1      | Learned a level 2 spell: Call Imp
  1463 | D:2      | Reached XP level 3. HP: 19/19 MP: 7/10
  2343 | D:3      | Reached XP level 4. HP: 24/24 MP: 8/12
  2469 | D:3      | Noticed a black bear
  2520 | D:3      | Learned a level 2 spell: Blink
  2524 | D:3      | Learned a level 3 spell: Mephitic Cloud
  2527 | D:3      | Learned a level 2 spell: Sublimation of Blood
  2581 | D:3      | Killed a black bear
  2582 | D:3      | Reached skill level 5 in Conjurations
  2582 | D:3      | Reached XP level 5. HP: 26/28 MP: 8/13
  2984 | D:4      | Reached XP level 6. HP: 32/32 MP: 11/14
  3653 | D:5      | Entered Level 5 of the Dungeon
  3910 | D:5      | Reached skill level 5 in Spellcasting
  3910 | D:5      | Reached XP level 7. HP: 10/36 MP: 14/16
  4054 | D:5      | Found an opulent altar of Gozag.
  4079 | D:5      | Mangled by an ogre

Illustrated notes

Levels and vault maps discovered:
D:1:      roderic_octagonal_star, layout_basic, minmay_misc_feat_tiny,
          minmay_pentomino_p2
D:2:      layout_rooms, grunt_decor_arrowhead
D:3:      layout_basic, minmay_strange_pillars
D:4:      layout_loops_ring
D:5:      layout_loops_cross, nicolae_gozag_seed_capital, temple_doors_e,
          serial_shops, nicolae_shop_hallway_stairs, st_stairs_8, uniq_edmund

Skill      XL: |  1  2  3  4  5  6 |
---------------+-------------------+-----
Conjurations   | 2 3 4 5 |  5.0
Poison Magic   | 3 4 |  4.0
Air Magic      | 4 |  4.0
Spellcasting   | 5 |  5.5
Dodging        | |  2.4
Stealth        | |  2.4
Summonings     | |  1.1
Translocations | |  1.1

Action                     |  1- 3 |  4- 6 |  7- 9 || total
---------------------------+-------+-------+-------++-------
  Melee: Short sword       |       |     7 |       ||     7
   Cast: Magic Dart        |    89 |   104 |    20 ||   213
    Use: Scroll            |       |     4 |       ||     4
 Armour: Robe              |     3 |    21 |     7 ||    31
  Dodge: Dodged            |     5 |    21 |     4 ||    30

Table legend: (Time is in decaauts)
 A = Elapsed time spent in this place.
 B = Non-inter-level travel time spent in this place.
 C = Inter-level travel time spent in this place.
 D = Time resting spent in this place.
 E = Time spent auto-exploring this place.
 F = Levels seen in this place.
 G = Mean time per level.
                   A        B        C        D        E       F      G
               +--------+--------+--------+--------+--------+-----+--------+
         Total |   4075 |   4019 |     56 |    305 |   3270 |   5 |  815.0 |
       Dungeon |   4075 |   4019 |     56 |    305 |   3270 |   5 |  815.0 |
               +--------+--------+--------+--------+--------+-----+--------+

Top non-repeatable levels by time:
     D:1: 1199 daAuts
     D:3: 1020 daAuts
     D:2: 745 daAuts
     D:4: 685 daAuts
     D:5: 425 daAuts
